 Dungeon Crawl Stone Soup version 0.16.0-6-gad6103a (webtiles) character file.

152473 TheNoid the Spry (level 17, -12/131 HPs)
             Began as a Vampire Necromancer on Mar 15, 2015.
             Was the Champion of Kikubaaqudgha.
             Killed from afar by a greater naga (36 damage)
             ... with an orb of energy
             ... on level 5 of the Snake Pit.
             The game lasted 02:51:37 (39465 turns).

TheNoid the Spry (Vampire Necromancer)             Turns: 39465, Time: 02:51:37

Health: -12/131    AC: 22    Str:  7    XL:     17   Next: 2%
Magic:  5/32       EV: 24    Int: 20    God:    Kikubaaqudgha [******]
Gold:   3366       SH:  6    Dex: 16    Spells: 10 memorised, 4 levels left

rFire  + . .     SeeInvis +     a - +3 demon blade (venom)
rCold  + . .     Clarity  .     A - +2 robe {rF+}
rNeg   + + .     SustAb   .     R - +0 buckler
rPois  +         Gourm    .     L - +0 helmet {SInv}
rElec  .         Spirit   .     C - +2 cloak
rCorr  .         Warding  .     G - +0 pair of gloves
rMut   .         Stasis   .     j - +1 pair of boots
MR     +....                    (no amulet)
Stlth  +++++++...               v - ring of Robustness {AC+8}
                                S - +3 ring of protection

@: regenerating slowly, somewhat resistant to hostile enchantments, extremely
stealthy
A: bottle blood, fangs 3, see invisible, unbreathing
a: Bat Form, Receive Corpses, Torment, Renounce Religion


You were on level 5 of the Snake Pit.
You worshipped Kikubaaqudgha.
Kikubaaqudgha was exalted by your worship.
You were very thirsty.

You visited 5 branches of the dungeon, and saw 33 of its levels.

You collected 3571 gold pieces.
You spent 205 gold pieces at shops.

Inventory:

Hand weapons
 a - a +3 demon blade of venom (weapon)
 c - a +0 blowgun
 d - a +2 dagger of speed
 y - a +0 scimitar of flaming
Missiles
 n - 101 poisoned needles
 E - 3 curare-tipped needles
Armour
 j - a +1 pair of boots (worn)
 m - a +0 shield
 A - a +2 robe of fire resistance (worn)
 C - a +2 cloak (worn)
 G - a +0 pair of gloves (worn)
 L - a +0 helmet of see invisible (worn)
 R - a +0 buckler (worn)
Magical staves
 b - an uncursed staff of death
Jewellery
 q - an uncursed ring of protection from magic
 v - the ring of Robustness (right hand) {AC+8}
   (You found it on level 4 of the Lair of Beasts)

   [ring of protection]

   It affects your AC (+8).
 z - an uncursed ring of protection from cold
 K - an uncursed ring of fire
 N - an uncursed amulet of stasis
 S - a +3 ring of protection (left hand)
Magical devices
 e - a wand of paralysis (11)
 f - a wand of disintegration (8)
 r - a wand of teleportation (7)
 s - a wand of disintegration (3)
 F - a wand of draining (1)
 J - a wand of lightning (7)
 Y - a wand of digging (14)
Scrolls
 h - a scroll of silence
 i - 16 scrolls of teleportation
 l - a scroll of summoning
 B - 2 scrolls of magic mapping
 D - 3 scrolls of fear
 H - 6 scrolls of remove curse
 P - 6 scrolls of fog
 Q - 5 scrolls of recharging
 T - 7 scrolls of identify
Potions
 g - 5 potions of might
 k - 6 potions of restore abilities
 o - a potion of agility
 p - 2 potions of cancellation
 u - 4 potions of magic
 w - 4 potions of invisibility
 x - 4 potions of haste
 I - 2 potions of flight
 M - 3 potions of blood
 O - 4 potions of curing
 W - a potion of resistance


   Skills:
 + Level 11.0 Fighting
 - Level 5.0(11.7) Short Blades
 - Level 14.8(15.0) Long Blades
 + Level 15.9 Dodging
 - Level 15.1 Stealth
 + Level 7.1 Shields
 - Level 8.0 Spellcasting
 - Level 9.0 Hexes
 - Level 3.0 Summonings
 - Level 12.0 Necromancy


You had 4 spell levels left.
You knew the following spells:

 Your Spells              Type           Power        Failure   Level  Hunger
a - Pain                  Necr           ####         1%          1    None
b - Animate Skeleton      Necr           N/A          1%          1    None
c - Vampiric Draining     Necr           ######....   1%          3    None
d - Regeneration          Chrm/Necr      ####......   1%          3    None
e - Confuse               Hex            #####...     1%          3    None
f - Dispel Undead         Necr           ######..     1%          5    #####..
g - Agony                 Necr           ######..     1%          5    #####..
h - Enslavement           Hex            #####...     1%          4    ###....
i - Summon Butterflies    Summ           ###.....     2%          1    None
j - Ensorcelled Hibernat  Hex/Ice        ####..       1%          2    None


Dungeon Overview and Level Annotations

Branches:
Dungeon (15/15)            Temple (1/1) D:7            Lair (8/8) D:9
 Shoals (0/5) Lair:4        Snake (5/5) Lair:4        Slime (0/6) Lair:6
    Orc (4/4) D:11            Elf (0/3) Orc:3        Vaults (0/5) D:14
 Depths (0/5) D:15

Altars:
Dithmenos
Elyvilon
Fedhas
Gozag
Kikubaaqudgha
Makhleb
Nemelex Xobeh
Okawaru
Trog
Xom
Yredelemnul
Beogh

Shops:
D:8 (%   Orc:3 !   Orc:4 }%(%*   Snake:2 ?

Portals:
Hell: Lair:8

Annotations:
Orc:2 Dig/Apport Triple


Innate Abilities, Weirdness & Mutations

You heal slowly.
You can bottle blood from corpses.
You have razor-sharp teeth.
You have supernaturally acute eyesight.
You can survive without breathing.


Message History

The greater naga casts a spell.
The greater naga looks slightly unstable.
You closely miss the greater naga.
You bite the greater naga, but do no damage.
The greater naga is almost dead.
The greater naga hits you but does no damage.
The greater naga completely misses you.
You closely miss the greater naga.
The greater naga is almost dead.
The greater naga casts a spell at you. The poison arrow hits you!
You are poisoned.
You partially resist.
* * * LOW HITPOINT WARNING * * *
Drink which item? (? for menu, Esc to quit)
You feel better.
The greater naga points at you and mumbles some strange words.
The orb of energy hits you!
You die...
Kikubaaqudgha rasps: "You have failed me!
Welcome... oblivion!"

...)## ##....# ....##
#....#### ..%%.#
#.......#
###.##############
#..).##.#
.....)(.########
.......()....#.##
........))......###
..#N#.†.........@.###
##...###).)....N.(..#
...(....##..........#
.....!...?##........#
....N......#.......##
..S.^.......#.....(.##
<....... ..#..).....#
<..S... #.......##
...... #........#


You could see a greater naga.

Vanquished Creatures
  A frost giant (D:11)
  2 greater nagas
  3 yaktaur captains
  An ettin (D:11)
  A fire dragon (D:12)
  2 ogre magi
  11 naga warriors
  6 anacondas
  3 centaur warriors
  A rakshasa (D:12)
  6 hydras
  Erica (Orc:2)
  2 deep troll earth magi (D:12)
  2 dancing weapons (D:14)
  4 death yaks (Lair:8)
  2 tengu warriors
  4 shock serpents
  3 orc high priests
  Urug (Orc:1)
  6 naga sharpshooters
  A sun demon (Lair:8)
  A skeletal warrior (D:12)
  An unseen horror (D:15)
  2 salamander mystics
  6 orc knights
  3 naga ritualists (Snake:2)
  5 hill giants
  4 ugly things
  3 griffons
  4 cyclopes
  10 salamanders
  8 mana vipers
  4 orc sorcerers (Orc:4)
  11 elephants
  2 manticores
  6 naga magi
  27 black mambas
  3 centaur zombies
  A sixfirhy (Lair:8)
  6 guardian serpents
  2 sirens (Lair:4)
  14 spiny frogs
  A smoke demon (Lair:8)
  An eye of devastation (Lair:6)
  2 orange demons (Lair:8)
  A torpor snail (Lair:5)
  10 komodo dragons
  2 gargoyles
  2 yaktaurs
  2 kobold demonologists (D:11)
  4 fire drakes
  A tengu conjurer (D:13)
  3 blue devils (Lair:8)
  A redback zombie (D:15)
  4 trolls
  3 two-headed ogres
  A queen bee (Lair:6)
  3 red devils (Lair:8)
  A polar bear (shapeshifter) (D:13)
  A merfolk (Lair:4)
  A freezing wraith (D:13)
  8 slime creatures
  Grinder (D:2)
  A basilisk (Lair:8)
  A trapdoor spider zombie (D:13)
  7 ravens
  20 blink frogs
  6 boulder beetles
  18 water moccasins
  3 wyverns
  A spriggan (D:7)
  A fire elemental (D:10)
  3 deep elf magi
  9 wraiths
  A water elemental (D:10)
  An air elemental (D:10)
  A shadow (D:13)
  57 yaks
  4 vampire mosquitoes (D:13)
  4 hungry ghosts
  7 hippogriffs
  Edmund (D:8)
  3 wolves (Lair:5)
  38 nagas
  6 porcupines
  2 wargs
  A mottled dragon (D:13)
  3 necrophages
  2 sky beasts
  2 phantoms
  27 orc warriors
  7 ice beasts
  An eye of draining (Lair:6)
  15 ogres
  A black bear (D:11)
  3 wasps
  2 big kobolds (D:11)
  7 centaurs
  A boring beetle (Lair:7)
  15 giant frogs
  15 crocodiles
  Blork the orc (D:3)
  An earth elemental (D:10)
  5 scorpions
  A troll zombie (D:11)
  24 killer bees (Lair:6)
  13 wights
  6 crimson imps
  A quasit (D:7)
  A vampire bat (Orc:3)
  A giant frog zombie (D:9)
  A goliath beetle (D:7)
  3 human zombies (D:9)
  5 jellies
  2 giant frog skeletons
  Crazy Yiuf (D:4)
  5 centaur skeletons
  11 iguanas
  25 orc priests
  17 hounds
  A human skeleton (D:9)
  23 orc wizards
  10 worker ants
  A porcupine skeleton (Lair:5)
  28 sheep
  2 centaur simulacra
  An ogre skeleton (D:9)
  7 ogre zombies (D:11)
  2 hound zombies
  2 hound skeletons
  A mummy (D:9)
  9 gnolls
  A worker ant zombie (D:10)
  29 river rats
  17 adders
  3 shadow imps
  2 worms
  An adder zombie (D:9)
  An adder skeleton (D:4)
  6 giant geckos
  3 oozes
  161 orcs
  19 bats
  18 goblins
  20 hobgoblins
  11 jackals
  14 kobolds
  3 giant cockroaches
  A giant gecko skeleton (D:4)
  7 giant newts
  3 goblin skeletons (D:11)
  A goblin zombie (D:11)
  3 hobgoblin skeletons (D:11)
  A hobgoblin zombie (D:11)
  A jackal zombie (D:5)
  2 orc skeletons
  17 orc zombies
  6 quokkas
  A quokka skeleton (D:10)
  17 rats
  A plant (Lair:8)
1117 creatures vanquished.

Vanquished Creatures (collateral kills)
  3 greater nagas (Snake:5)
  Josephine (D:10)
  2 hydras (Lair:3)
  2 naga warriors
  2 centaur warriors
  2 death yaks (Lair:4)
  A tengu warrior (D:14)
  An orc high priest (Orc:4)
  A wizard (Lair:8)
  A naga ritualist (Snake:5)
  4 elephants
  4 salamanders
  A siren (Lair:4)
  A guardian serpent (Snake:2)
  3 spiny frogs
  6 black mambas
  4 naga magi
  An orange demon (Lair:8)
  A komodo dragon (Lair:1)
  7 blink frogs
  A slime creature (D:13)
  A basilisk (Lair:7)
  12 yaks
  A hippogriff (Lair:2)
  A vampire mosquito (D:13)
  A hell hound (Lair:8)
  6 nagas
  2 porcupines
  4 water moccasins
  An orc warrior (Orc:4)
  2 ogres
  A boring beetle (Lair:5)
  2 crocodiles
  A centaur (D:13)
  A gnoll sergeant (D:10)
  4 giant frogs
  A wight (D:9)
  A crimson imp (D:15)
  A vampire bat (Orc:3)
  3 hounds
  2 orc wizards
  An iguana (Lair:3)
  An orc priest (D:13)
  A centaur skeleton (D:4)
  A giant frog skeleton (D:9)
  5 sheep
  8 river rats
  3 adders
  A gnoll (D:10)
  An ooze (D:1)
  17 orcs
  3 bats
  2 goblins
  2 jackals (D:2)
  3 kobolds
  5 quokkas
  An orc zombie (Orc:4)
  2 rats
  A butterfly (Lair:2)
  3 fungi
158 creatures vanquished.

Vanquished Creatures (others)
  An unseen horror (shapeshifter) (D:13)
  3 anaconda skeletons
  A naga mage (Snake:5)
  A death yak skeleton (Lair:8)
  2 guardian serpent skeletons (Snake:2)
  2 ugly thing skeletons (D:12)
  7 black mamba skeletons
  A hill giant skeleton (D:13)
  2 nagas
  8 spiny frog skeletons
  An orc warrior (Orc:2)
  A merfolk skeleton (Lair:4)
  5 elephant skeletons
  8 blink frog skeletons
  2 fire drake skeletons (Lair:8)
  3 komodo dragon skeletons (Lair:8)
  3 salamander skeletons
  A wyvern skeleton (Lair:5)
  A cyclops skeleton (D:13)
  6 water moccasin skeletons
  A hell hound skeleton (Lair:8)
  A warg skeleton (Orc:4)
  11 yak skeletons
  4 hippogriff skeletons
  A tengu skeleton (D:13)
  A troll skeleton (D:10)
  A wolf skeleton (Lair:5)
  An orc priest (Orc:4)
  3 giant frog skeletons
  2 centaur skeletons
  A black bear skeleton (D:11)
  2 porcupine skeletons
  2 crocodile skeletons (Lair:5)
  2 ogre skeletons
  A necrophage skeleton (D:9)
  19 naga skeletons
  A big kobold skeleton (D:11)
  2 hound skeletons
  2 human skeletons
  3 sheep skeletons
  An adder skeleton (D:5)
  An iguana skeleton (Lair:1)
  A bat skeleton (D:2)
  2 giant gecko skeletons
  3 gnoll skeletons
  3 goblin skeletons
  4 hobgoblin skeletons
  2 jackal skeletons
  5 kobold skeletons
  45 orc skeletons
  3 quokka skeletons
  A rat skeleton (D:4)
  8 river rat skeletons
  6 fungi
  4 plants
209 creatures vanquished.

Grand Total: 1484 creatures vanquished

Notes
Turn   | Place    | Note
--------------------------------------------------------------
     0 | D:1      | TheNoid, the Vampire Necromancer, began the quest for the Orb.
     0 | D:1      | Reached XP level 1. HP: 13/13 MP: 3/3
     5 | D:1      | Learned a level 1 spell: Animate Skeleton
   272 | D:1      | Reached XP level 2. HP: 19/19 MP: 4/4
   340 | D:1      | Reached skill level 5 in Necromancy
   995 | D:1      | Reached XP level 3. HP: 15/24 MP: 1/6
  1431 | D:2      | Learned a level 3 spell: Vampiric Draining
  1449 | D:2      | Reached skill level 6 in Necromancy
  1518 | D:2      | Found a blossoming altar of Fedhas.
  1527 | D:2      | Reached XP level 4. HP: 23/30 MP: 0/7
  1877 | D:2      | Found a bloodstained altar of Trog.
  2258 | D:3      | Noticed Grinder
  2403 | D:3      | Paralysed by Grinder for 4 turns
  2423 | D:2      | Killed Grinder
  2423 | D:2      | Reached skill level 8 in Necromancy
  2423 | D:2      | Reached XP level 5. HP: 15/35 MP: 9/9
  2423 | D:2      | Reached XP level 6. HP: 17/41 MP: 10/10
  3115 | D:4      | Found an iron altar of Okawaru.
  3120 | D:4      | Noticed Blork the orc
  3133 | D:4      | Reached skill level 1 in Short Blades
  3723 | D:4      | Noticed a hungry ghost
  3766 | D:4      | Killed a hungry ghost
  3895 | D:3      | Killed Blork the orc
  3895 | D:3      | Reached skill level 5 in Stealth
  3895 | D:3      | Reached XP level 7. HP: 35/46 MP: 1/12
  5359 | D:4      | Noticed Crazy Yiuf
  5379 | D:4      | Killed Crazy Yiuf
  5427 | D:5      | Entered Level 5 of the Dungeon
  5428 | D:5      | Found a sparkling altar of Nemelex Xobeh.
  5439 | D:5      | Found an opulent altar of Gozag.
  5469 | D:5      | Found an ancient bone altar of Kikubaaqudgha.
  5476 | D:5      | Became a worshipper of Kikubaaqudgha
  5920 | D:5      | Found a burning altar of Makhleb.
  5929 | D:5      | Reached XP level 8. HP: 47/52 MP: 8/13
  6073 | D:5      | Found a white marble altar of Elyvilon.
  6074 | D:5      | Found a shadowy altar of Dithmenos.
  6186 | D:5      | Found a shimmering altar of Xom.
  6197 | D:5      | Reached skill level 5 in Short Blades
  6666 | D:6      | Got a bloodstained scale mail
  6667 | D:6      | Identified the cursed -4 scale mail "Zewoegh" {-Cast rN+ rCorr MP+9 Int-2} (You found it on level 6 of the Dungeon)
  6683 | D:6      | Learned a level 3 spell: Regeneration
  6699 | D:6      | Acquired Kikubaaqudgha's first power
  6699 | D:6      | Received a gift from Kikubaaqudgha
  6700 | D:6      | Identified Kikubaaqudgha's Catalogue of Dark Secrets (Kikubaaqudgha gifted it to you on level 6 of the Dungeon)
  6888 | D:7      | Found a staircase to the Ecumenical Temple.
  6895 | D:7      | Reached skill level 9 in Stealth
  6960 | Temple   | Entered the Ecumenical Temple
  6977 | D:7      | Reached skill level 1 in Fighting
  7060 | D:7      | Reached skill level 5 in Dodging
  7589 | D:7      | Reached skill level 10 in Stealth
  7589 | D:7      | Reached XP level 9. HP: 60/62 MP: 18/18
  7940 | D:8      | Got an ancient war axe
  7941 | D:8      | Identified the cursed -1 war axe of Domination {freeze, -Cast +Blink rN+ Str+2} (You found it on level 8 of the Dungeon)
  8282 | D:8      | Noticed Edmund
  8287 | D:8      | Found Jeadufio's Weapon Shoppe.
  8297 | D:8      | Killed Edmund
  8297 | D:8      | Acquired Kikubaaqudgha's second power
  8390 | D:8      | Reached skill level 11 in Stealth
  8444 | D:8      | Your ally Edmund died
  8611 | D:8      | Found Hisaet's Food Boutique.
  8875 | D:8      | Learned a level 4 spell: Control Undead
  9618 | D:9      | Found a shadowy altar of Dithmenos.
  9682 | D:9      | Found a basalt altar of Yredelemnul.
  9697 | D:9      | Reached skill level 12 in Stealth
  9737 | D:9      | Reached skill level 5 in Fighting
  9737 | D:9      | Reached XP level 10. HP: 68/74 MP: 18/18
  9921 | D:9      | Found a staircase to the Lair.
 10833 | D:10     | Entered Level 10 of the Dungeon
 10943 | D:10     | Noticed a hill giant
 10984 | D:10     | Killed a hill giant
 10984 | D:10     | Reached skill level 1 in Long Blades
 10984 | D:10     | Reached skill level 13 in Stealth
 11520 | D:10     | Noticed Josephine
 11546 | D:10     | Killed Josephine
 11740 | D:10     | Your ally Josephine died
 11930 | D:10     | Found a large runed door.
 11930 | D:10     | Found a large runed door.
 12150 | D:10     | Reached XP level 11. HP: 58/79 MP: 20/20
 12390 | D:10     | Reached skill level 10 in Necromancy
 12443 | Lair:1   | Entered Level 1 of the Lair of Beasts
 12510 | D:9      | Reached skill level 5 in Long Blades
 12510 | D:9      | Reached skill level 10 in Dodging
 12534 | D:9      | Received a gift from Kikubaaqudgha
 12535 | D:9      | Identified Kikubaaqudgha's Volume of Evil (Kikubaaqudgha gifted it to you on level 9 of the Dungeon)
 14745 | Lair:1   | Acquired Kikubaaqudgha's third power
 14745 | Lair:1   | Reached skill level 5 in Spellcasting
 14948 | Lair:2   | Learned a level 5 spell: Dispel Undead
 16240 | Lair:3   | Reached XP level 12. HP: 63/86 MP: 13/26
 16251 | Lair:3   | Noticed a six-headed hydra
 16268 | Lair:3   | Killed a six-headed hydra
 16492 | Lair:3   | Noticed a six-headed hydra
 16504 | Lair:3   | Killed a six-headed hydra
 16515 | Lair:3   | Noticed an eight-headed hydra
 16544 | Lair:3   | Killed an eight-headed hydra
 16877 | Lair:3   | Acquired Kikubaaqudgha's fourth power
 17201 | Lair:4   | Found a staircase to the Shoals.
 17549 | Lair:4   | Found a staircase to the Snake Pit.
 17938 | Lair:4   | Reached skill level 10 in Long Blades
 18382 | Lair:5   | Noticed a seven-headed hydra
 18547 | Lair:5   | Reached skill level 14 in Stealth
 19200 | Lair:5   | Killed a seven-headed hydra
 19630 | Lair:5   | Reached XP level 13. HP: 72/96 MP: 28/28
 19940 | Lair:6   | Learned a level 5 spell: Agony
 20497 | Lair:6   | Found a staircase to the Slime Pits.
 22493 | Lair:8   | Entered Level 8 of the Lair of Beasts
 23158 | Lair:8   | Reached XP level 14. HP: 77/105 MP: 20/29
 23745 | Lair:8   | Found a burning altar of Makhleb.
 23961 | Lair:8   | Found a gateway to Hell.
 24329 | Lair:2   | Learned a level 5 spell: Cigotuvi's Embrace
 24396 | D:9      | Upgraded the game from 0.16.0-5-g717f7e7 to 0.16.0-6-gad6103a
 24447 | D:11     | Found a staircase to the Orcish Mines.
 25307 | Orc:1    | Entered Level 1 of the Orcish Mines
 25396 | Orc:1    | Found an iron altar of Okawaru.
 25821 | Orc:2    | Noticed Urug
 25973 | Orc:1    | Killed Urug
 26306 | Orc:3    | Found Dyeshreohin's Distillery.
 26434 | Orc:3    | Bought a potion of mutation for 37 gold pieces
 26599 | Orc:3    | Found a roughly hewn altar of Beogh.
 26668 | Orc:3    | Found a staircase to the Elven Halls.
 27147 | Orc:2    | Noticed Erica
 27252 | Orc:2    | Killed Erica
 27940 | Orc:4    | Entered Level 4 of the Orcish Mines
 27959 | Orc:4    | Found Cairah's General Store.
 28709 | Orc:4    | Paralysed by an orc sorcerer for 6 turns
 29220 | Orc:4    | Found Tyxex's Gadget Emporium.
 29221 | Orc:4    | Found Ofaptud's Food Shop.
 29223 | Orc:4    | Found Kluigae's Weapon Emporium.
 29224 | Orc:4    | Found Twukar's Food Shop.
 29691 | D:12     | Found a runed door.
 29883 | D:12     | Reached XP level 15. HP: 112/112 MP: 29/29
 30681 | D:12     | Found a runed door.
 30756 | D:12     | Noticed a frost giant
 30830 | D:11     | Killed a frost giant
 31230 | D:12     | Identified the Incunabulum of the Guild-Master
 31233 | D:12     | Learned a level 1 spell: Summon Butterflies
 31842 | D:13     | Reached skill level 1 in Summonings
 32193 | D:14     | Learned a level 3 spell: Confuse
 32542 | D:14     | Reached skill level 15 in Dodging
 32590 | D:14     | Reached skill level 1 in Hexes
 32851 | D:14     | Found a gate to the Vaults.
 33100 | D:15     | Entered Level 15 of the Dungeon
 33243 | D:15     | Found a basalt altar of Yredelemnul.
 33343 | D:15     | Reached skill level 10 in Fighting
 33961 | D:15     | Found a staircase to the Depths.
 33976 | D:15     | Reached skill level 5 in Hexes
 34198 | Lair:2   | Learned a level 2 spell: Ensorcelled Hibernation
 34299 | Snake:1  | Entered Level 1 of the Snake Pit
 34476 | Snake:1  | Reached skill level 1 in Shields
 35326 | Snake:2  | Reached XP level 16. HP: 98/122 MP: 14/31
 36016 | Snake:2  | Found Phaschuip's Magic Scroll Shop.
 36121 | Snake:2  | Bought a scroll of blinking for 120 gold pieces
 36121 | Snake:2  | Bought a scroll of teleportation for 48 gold pieces
 36156 | Snake:2  | Identified a scroll of acquirement
 36619 | Snake:3  | Reached skill level 5 in Shields
 36847 | Lair:2   | Learned a level 4 spell: Enslavement
 38232 | Snake:4  | Reached skill level 15 in Stealth
 38547 | Snake:5  | Entered Level 5 of the Snake Pit
 39313 | Snake:5  | Reached XP level 17. HP: 123/131 MP: 27/32
 39465 | Snake:5  | Killed from afar by a greater naga

Action                   |  1- 3 |  4- 6 |  7- 9 | 10-12 | 13-15 | 16-18 || total
-------------------------+-------+-------+-------+-------+-------+-------++-------
Melee: Dagger            |    55 |   136 |   375 |   845 |    46 |    12 ||  1469
       Unarmed           |     3 |       |       |       |       |       ||     3
       Long sword        |       |       |       |   219 |   539 |       ||   758
       Demon blade       |       |       |       |       |  1159 |   381 ||  1540
 Fire: Hunting sling     |     8 |       |       |       |       |       ||     8
       Blowgun           |       |       |       |     3 |    96 |       ||    99
Throw: Stone             |     1 |       |       |       |       |       ||     1
       Tomahawk          |       |       |       |     1 |       |       ||     1
 Cast: Pain              |    25 |    18 |    55 |    61 |    15 |       ||   174
       Animate Skeleton  |     5 |    14 |    31 |    64 |   152 |    45 ||   311
       Vampiric Draining |       |     8 |    28 |    79 |    29 |     4 ||   148
       Regeneration      |       |       |       |    70 |   134 |    38 ||   242
       Control Undead    |       |       |       |     2 |     1 |       ||     3
       Agony             |       |       |       |       |   118 |    55 ||   173
       Dispel Undead     |       |       |       |       |    22 |       ||    22
       Cigotuvi's Embrac |       |       |       |       |     2 |       ||     2
       Confuse           |       |       |       |       |     3 |     6 ||     9
       Enslavement       |       |       |       |       |       |     8 ||     8
 Abil: End Transformatio |       |       |       |     7 |     1 |       ||     8
       Bat Form          |       |       |       |     7 |     1 |       ||     8
Evoke: Wand              |       |       |     1 |       |     3 |     5 ||     9
  Use: Potion            |     2 |     7 |    14 |    20 |    31 |     7 ||    81
       Scroll            |     3 |     1 |    12 |     5 |    17 |     9 ||    47
 Stab: Sleeping          |     2 |     1 |    26 |    45 |    85 |    14 ||   173
       Distracted        |       |     1 |     4 |     9 |    20 |     9 ||    43
       Betrayed ally     |       |       |       |     1 |       |       ||     1
       Invisible         |       |       |       |       |     3 |       ||     3
       Confused          |       |       |       |       |     3 |     3 ||     6
       Fleeing           |       |       |       |       |     1 |       ||     1
  Eat: Corpse            |       |       |     3 |    11 |    34 |     6 ||    54
